 Dungeon Crawl Stone Soup version 0.30-a0-304-gdc4b735fe1 (webtiles) character file.

Game seed: 2036283622614909105

396 blackman the Slasher (level 7, 0/52 HPs)
             Began as a Human Chaos Knight on Oct 20, 2022.
             Was a Plaything of Xom.
             Killed by nerve-wracking pain
             ... invoked by an orc priest
              (2 damage)
             ... on level 4 of the Dungeon.
             The game lasted 00:08:37 (2771 turns).

blackman the Slasher (Human Chaos Knight)           Turns: 2771, Time: 00:08:38

Health: 0/52       AC:  9    Str: 12    XL:     7   Next: 9%
Magic:  7/7        EV:  9    Int: 12    God:    Xom [.....*]
Gold:   218        SH:  0    Dex: 15    Spells: 3/6 levels left

rFire   . . .      SeeInvis .    a - +0 falchion (chaos)
rCold   . . .      Faith    .    (no shield)
rNeg    . . .      Spirit   .    g - +0 scale mail
rPois   .          Reflect  .    t - +0 helmet
rElec   .          Harm     .    (no cloak)
rCorr   .          Rampage  .    p - +1 pair of gloves
Will    .....                    (no boots)
Stlth   ..........               (no amulet)
HPRegen 0.28/turn                (no ring)
MPRegen 0.10/turn                (no ring)

@: no status effects
A: no striking features
a: Renounce Religion


You were on level 4 of the Dungeon.
You worshipped Xom.
You were Xom's teddy bear.
You visited 1 branch of the dungeon, and saw 4 of its levels.

You collected 218 gold pieces.

Inventory:

Hand Weapons
 a - a +0 falchion of chaos (weapon)
 i - a +0 vorpal long sword
 o - a +2 vampiric dagger
Missiles
 k - 4 atropa-tipped darts
 l - 3 poisoned darts
Armour
 b - a +2 leather armour
 g - a +0 scale mail (worn)
 j - a +0 helmet
 p - a +1 pair of gloves (worn)
 t - a +0 helmet (worn)
Wands
 s - a wand of paralysis (8)
Scrolls
 d - a scroll of noise
 f - 2 scrolls of identify
 h - a scroll of teleportation
Potions
 e - a potion of heal wounds
 m - 2 potions of mutation
 n - 2 potions of cancellation
 q - a potion of curing {unknown}
 r - a potion of haste
Miscellaneous
 c - a piece from Xom's chessboard (11/15) (quivered)


   Skills:
 - Level 3.0 Fighting
 + Level 7.4 Long Blades
 - Level 2.0 Armour
 - Level 1.0 Dodging


You had 3 spell levels left.
You knew the following spells:

 Your Spells              Type           Power      Damage    Failure   Level
a - Teleport Other        Tloc           0%         N/A       99%         3

Your spell library contained the following spells:

 Spells                   Type           Power      Damage    Failure   Level
 Kiss of Death            Conj/Necr      0%         2d5       86%         1
 Confusing Touch          Hex            0%         N/A       99%         3
 Gell's Gravitas          Tloc           0%         N/A       99%         3
 Lesser Beckoning         Tloc           0%         N/A       99%         3
 Dispel Undead            Necr           0%         3d6       100%        4


Dungeon Overview and Level Annotations

Branches:
Dungeon (4/15)
 Temple: D:4-7

Altars:
Trog

Annotations:
D:2 Natasha
D:4 1 transporter


Message History

You climb downwards.
You hear the hiss of flowing sand.
There is an entrance to an ossuary on this level.
Hurry and find it before the portal is buried!
Level annotation: 1 transporter You hear the hiss of a very distant avalanche of sand.
There is a stone staircase leading up here.
The orc priest mumbles some strange prayers to Beogh against you.
Beogh smites you!
You barely miss the orc priest. The orc priest closely misses you.
You slash the orc priest!
The orc priest is severely wounded.
The orc priest barely misses you.
The orc priest hits you but does no damage.
You closely miss the orc priest.
The orc priest is severely wounded.
The orc priest hits you with a +0 hand axe.
The orc priest mumbles some strange prayers to Beogh against you.
Pain shoots through your body!
You are too injured to fight recklessly!
You are too injured to fight recklessly!
You completely miss the orc priest.
The orc priest is severely wounded.
The orc priest mumbles some strange prayers to Beogh against you.
Pain shoots through your body!
* * * LOW HITPOINT WARNING * * *
The orc priest closely misses you.
You hit the orc priest but do no damage.
The orc priest is severely wounded.
The orc priest hits you but does no damage. x2
The orc priest attacks as you move away!
The orc priest barely misses you.
There is a stone staircase leading up here.
You barely miss the orc priest.
The orc priest is severely wounded.
The orc priest mumbles some strange prayers to Beogh against you.
Pain shoots through your body!
* * * LOW HITPOINT WARNING * * *
The orc priest invokes the aid of Beogh against you.
Pain shoots through your body!
You die...

##....# . b #....#####.# .
...b....#..........# #.
........####.#######
..$[$...####.#
..$©)...#....#### ### #######
#.......##### ). # ##.©..#
#.##.##.#o..# .# ..# .#....#
#.##....@o..####.#.....
#.....###.#####.#......)......#
.#..............########.####.#
...######.####### .# ##.# #.###
.. #.# #...# ### #.# ###.#
##.### #.# .....# #.#


You could see 2 orc priests.

Vanquished Creatures
  A water moccasin (D:3)
  A necrophage (D:3)
  2 orc priests
  Robin (D:2)
  3 gnolls (D:3)
  2 adders
  A worm (D:3)
  A dart slug (D:1)
  15 orcs
  2 ball pythons
  6 endoplasms
  A giant cockroach (D:3)
  9 hobgoblins
  9 jackals
  2 quokkas
  6 bats
  3 frilled lizards
  19 goblins
  5 kobolds
  3 rats
92 creatures vanquished.

Notes
Turn   | Place    | Note
-------+----------+-------------------------------------------
     0 | D:1      | blackman the Human Chaos Knight began the quest for the
                  | Orb.
     0 | D:1      | Reached XP level 1. HP: 18/18 MP: 1/1
    43 | D:1      | XOM: silly message
   109 | D:1      | Reached XP level 2. HP: 15/24 MP: 2/2
   156 | D:1      | XOM: divination: magic mapping
   201 | D:1      | XOM: silly message
   279 | D:1      | XOM: silly message
   321 | D:1      | Reached skill level 4 in Long Blades
   321 | D:1      | Reached XP level 3. HP: 18/29 MP: 3/3
   579 | D:1      | XOM: 2-stop teleportation journey
   607 | D:1      | You fall into a shaft and drop 1 floor!
   840 | D:2      | Noticed Robin
   852 | D:2      | Killed Robin
   853 | D:2      | Reached XP level 4. HP: 17/35 MP: 4/4
   859 | D:2      | XOM: silly message
  1006 | D:2      | Noticed Natasha
  1021 | D:2      | XOM: 9-stop teleportation journey
  1159 | D:2      | Reached skill level 5 in Long Blades
  1414 | D:2      | Learned a level 3 spell: Teleport Other
  1524 | D:3      | Identified the +5 hand axe of Ascent {flame, rElec rPois
                  | rC- SInv}
  1633 | D:3      | Noticed a water moccasin
  1711 | D:3      | Reached XP level 5. HP: 36/41 MP: 5/5
  1744 | D:3      | Killed a water moccasin
  1745 | D:3      | Reached skill level 6 in Long Blades
  1745 | D:3      | Reached XP level 6. HP: 47/47 MP: 6/6
  1745 | D:3      | Found a bloodstained altar of Trog.
  1748 | D:3      | XOM: confusion (+ monsters)
  1937 | D:3      | XOM: 1-stop teleportation journey
  1961 | D:3      | Found a faded altar of an unknown god.
  2103 | D:3      | XOM: enchant monster (bad)
  2112 | D:3      | Reached skill level 7 in Long Blades
  2315 | D:3      | XOM: god gift: war axe {god gift}
  2686 | D:4      | Found a transporter.
  2728 | D:4      | XOM: divination: detect creatures
  2729 | D:4      | Reached XP level 7. HP: 38/52 MP: 7/7
  2760 | D:3      | XOM: god gift: wand of paralysis (8)
  2771 | D:4      | HP: 2/52 [orc priest/nerve-wracking pain (12)]
  2771 | D:4      | Killed from afar by an orc priest

Illustrated notes

Levels and vault maps discovered:
D:1:      kennysheep_arrival_forest, layout_basic
D:2:      layout_loops_ring, uniq_robin, uniq_natasha
D:3:      layout_loops_ring, trog_three_pillars_becter,
          chequers_ecumenical_altar_grove, wad_orctagon
D:4:      gammafunk_cloud_chamber, layout_loops_cross, lemuel_doored_altar,
          enter_ossuary_1

Skill      XL: |  1  2  3  4  5  6 |
---------------+-------------------+-----
Long Blades    | 4 5 6 7 |  7.4
Fighting       | |  3.0
Armour         | |  2.0
Dodging        | |  1.0

Action                   |  1- 3 |  4- 6 |  7- 9 || total
-------------------------+-------+-------+-------++-------
Melee: Falchion          |    98 |   173 |    12 ||   283
       Punch             |     2 |     2 |       ||     4
Evoke: Piece from Xom's  |     1 |    11 |       ||    12
  Use: Scroll            |       |    10 |       ||    10
       Potion            |       |     2 |       ||     2
 Stab: Confused          |     2 |     1 |       ||     3
       Paralysed         |     2 |       |       ||     2
Armor: Leather armour    |     6 |       |       ||     6
       Scale mail        |    45 |    83 |     6 ||   134
Dodge: Dodged            |    54 |    83 |     7 ||   144

Table legend: (Time is in decaauts)
 A = Elapsed time spent in this place.
 B = Non-inter-level travel time spent in this place.
 C = Inter-level travel time spent in this place.
 D = Time resting spent in this place.
 E = Time spent auto-exploring this place.
 F = Levels seen in this place.
 G = Mean time per level.
                   A        B        C        D        E       F      G
               +--------+--------+--------+--------+--------+-----+--------+
         Total |   2779 |   2706 |     73 |    124 |   1929 |   4 |  694.8 |
       Dungeon |   2779 |   2706 |     73 |    124 |   1929 |   4 |  694.8 |
               +--------+--------+--------+--------+--------+-----+--------+

Top non-repeatable levels by time:
     D:3: 1028 daAuts
     D:2: 836 daAuts
     D:1: 615 daAuts
     D:4: 298 daAuts
